AoeStats
← LeoPlaysVal

Arabia

509796084Analyzed
3v3 RM · 5d ago on Sep 28, 2026· 34m 15s· 6 players
Game mode
Random Map
Map size
Normal (6 player)
Population
200
Speed
Normal
Resources
Standard
Victory
Conquest
Starting age
Dark Age
Ending age
Imperial Age
RankedLock teamsTeams togetherTeam positionsShared explorationLock speedFull tech treeHidden civsTurbo modeCheats
Victory
Defeat
🇭🇺 Britons · Hungary
826
+14
🇧🇷 Teutons · Brazil
758
+16
🇮🇩 Lithuanians · Indonesia
755
+17
🇧🇷 Britons · Brazil
809
-17
🇨🇦 Jurchens · Canada
772
-16
🇺🇸 Franks · United States
730
-14
EnigmA
10:08 Feudal Age
11:00 Double-Bit Axe
12:43 Loom
21:24 Scale Barding Armor
LeoPlaysVal
11:07 Feudal Age
13:07 Double-Bit Axe
20:56 Castle Age
21:31 Bloodlines
21:15 Light Cavalry
25:33 Husbandry
28:58 Gold Mining
33:26 Scale Barding Armor
33:36 Forging
unstable
8:55 Loom
12:49 Feudal Age
13:25 Double-Bit Axe
17:34 Castle Age
16:35 Horse Collar
18:00 Fletching
18:12 Padded Archer Armor
18:29 Bow Saw
23:38 Heavy Plow
25:25 Crossbowman
27:32 Wheelbarrow
26:53 Bodkin Arrow
27:14 Leather Archer Armor
27:28 Gold Mining
28:17 Stone Mining
29:03 Gold Shaft Mining
28:31 Heavy Plow
29:42 Hand Cart
31:00 Leather Archer Armor
30:59 Town Watch
33:12 Ballistics
35:34 Imperial Age
juhamate7
7:49 Loom
10:02 Feudal Age
16:13 Fletching
25:25 Castle Age
26:29 Bodkin Arrow
26:30 Crossbowman
28:59 Ballistics
29:07 Padded Archer Armor
32:40 Town Watch
33:30 Wheelbarrow
theilor.taiariol
10:12 Feudal Age
10:42 Double-Bit Axe
13:01 Horse Collar
12:57 Man-at-Arms
19:36 Arson
22:31 Castle Age
22:12 Forging
22:08 Scale Barding Armor
23:48 Long Swordsman
MoNoKrom
10:55 Feudal Age
17:44 Loom
21:22 Castle Age
19:39 Horse Collar
19:47 Double-Bit Axe
25:37 Wheelbarrow
26:59 Town Watch
31:04 Scale Barding Armor
33:02 Heavy Plow
34:21 Husbandry
34:33 Forging
Connection lost

Rejoining the realm…

Still unreachable

The connection could not be restored.

Session expired

The server has moved on; the page needs a fresh start.